 Dungeon Crawl Stone Soup version 0.27-a0-681-g0c81a3c1c3 (webtiles) character file.

Game seed: 14367597947615335115

88 sahdkjhfkaj the Ruffian (level 4, -7/52 HPs)
             Began as a Vampire Berserker on Mar 20, 2021.
             Was a Believer of Trog.
             Mangled by a bullfrog (8 damage)
             ... on level 3 of the Dungeon.
             The game lasted 00:01:28 (1788 turns).

sahdkjhfkaj the Ruffian (Vampire Berserker)         Turns: 1788, Time: 00:01:29

Health: -7/52      AC:  2    Str: 16    XL:     4   Next: 30%
Magic:  0/4        EV: 12    Int:  9    God:    Trog [**....]
Gold:   80         SH:  0    Dex: 14    Spells: 3/3 levels left

rFire    . . .     SeeInvis +     - Unarmed
rCold    . . .     Faith    .   (no shield)
rNeg     . . .     Spirit   +   a - +0 animal skin
rPois    .         Reflect  .   (no helmet)
rElec    .         Harm     .   (no cloak)
rCorr    .         Rampage  .   (no gloves)
Will     +....                  (no boots)
Stlth    ..........             j - amulet of guardian spirit
HPRegen  0.37/turn              l - ring of willpower
MPRegen  0.09/turn              (no ring)

@: berserking, regenerating quickly, very quick
A: alive, fangs 3, see invisible, unbreathing 1, vampiric 2
a: Exsanguinate, Renounce Religion, Berserk, Trog's Hand


You were on level 3 of the Dungeon.
You worshipped Trog.
Trog was pleased with you.
You visited 1 branch of the dungeon, and saw 3 of its levels.

You collected 80 gold pieces.

Inventory:

Hand Weapons
 e - a +1 short sword of venom
Armour
 a - a +0 animal skin (worn)
Jewellery
 j - an amulet of guardian spirit (around neck)
 l - a ring of willpower (right hand)
Scrolls
 b - a scroll of enchant armour {unknown}
 c - 2 scrolls of immolation {unknown}
 d - a scroll of amnesia {unknown}
 g - a scroll of holy word {unknown}
 h - a scroll of teleportation {unknown}
 i - a scroll of torment {unknown}
 k - a scroll of identify {unknown}
Potions
 f - a potion of magic {unknown}


   Skills:
 + Level 3.5 Fighting
 - Level 1.5 Armour
 - Level 2.1 Dodging
 - Level 5.0 Unarmed Combat


You had 3 spell levels left.
You didn't know any spells.
Your spell library was empty.

Dungeon Overview and Level Annotations

Branches:
Dungeon (3/15)

Altars:
Elyvilon
Trog
Vehumet

Annotations:
D:3 2 transporters, Darkuwa's ghost, amateur MiBe


Innate Abilities, Weirdness & Mutations

Your natural rate of healing is unusually fast.
You have razor-sharp teeth.
You have supernaturally acute eyesight. (SInv)
You can survive without breathing.
You are afflicted with vampirism and can become a bat while bloodless.


Message History

You are too injured to fight recklessly!
You are too injured to fight recklessly!
You are too injured to fight recklessly!
You are too injured to fight recklessly!
There are monsters nearby!
The orc completely misses you.
A red film seems to cover your vision as you go berserk!
You feel yourself moving faster!
You feel mighty! The orc barely misses you.
You barely miss the orc. The orc hits you with a +0 war axe!
You punch the orc!
You kill the orc!
Trog accepts your kill.
You punch the giant cockroach!
You kill the giant cockroach!
Trog accepts your kill. The orc completely misses you.
Things that are here:
a +0 war axe; a +0 leather armour; an orc corpse You punch the orc!
You feel the power of Trog in you as your rage grows.
You kill the orc!
Trog accepts your kill.
You barely miss the bullfrog. You barely miss the bullfrog.
The bullfrog hits you!
* * * LOW HITPOINT WARNING * * *
You barely miss the bullfrog. Your bite misses the bullfrog.
The bullfrog hits you.
* * * LOW HITPOINT WARNING * * *
You closely miss the bullfrog. The bullfrog hits you!
* * * LOW HITPOINT WARNING * * *
You punch the bullfrog!
The bullfrog is moderately wounded.
The bullfrog barely misses you.
You punch the bullfrog!
The bullfrog is severely wounded.
The bullfrog closely misses you.
You barely miss the bullfrog. Your bite misses the bullfrog.
The bullfrog is severely wounded.
The bullfrog hits you!
You die...

.##.# #.#. #.#. #.# ....
####..##...# ..# #..
#..#..##...##..#
#..#######.##O#..#.#.?#.#
#...........#W...$$.....##
####...######.###############
#..........##.......©.©.....#
#.##...###.#########......<.#
# #......oooF@.............##
#.###.o################......#
#......# ##...### #.####o# ♣♣
#..## #.♣ ♣♣.♣♣ ♣♣)#### .o.
.....♣ ♣♣.....## ...
......♣♣♣.......## ≈≈≈..
.≈≈≈...♣...≈≈≈...# ≈≈≈≈.
≈≈≈≈≈.....≈≈≈≈≈..#


You could see a bullfrog and 3 orcs.

Vanquished Creatures
  3 adders
  3 oozes
  2 leopard geckos
  3 orcs (D:3)
  A ball python (D:2)
  A giant cockroach (D:3)
  4 goblins
  6 hobgoblins
  A quokka (D:1)
  7 bats
  2 frilled lizards
  2 kobolds
  9 rats
44 creatures vanquished.

Notes
Turn   | Place    | Note
-------+----------+-------------------------------------------
     0 | D:1      | sahdkjhfkaj the Vampire Berserker began the quest for the
                  | Orb.
     0 | D:1      | Reached XP level 1. HP: 17/17 MP: 1/1
   147 | D:1      | Reached skill level 4 in Unarmed Combat
   147 | D:1      | Reached XP level 2. HP: 16/23 MP: 2/2
   580 | D:1      | You fall into a shaft and drop 1 floor!
   580 | D:2      | Found a bloodstained altar of Trog.
   741 | D:2      | Gained mutation: You are afflicted with vampirism and can
                  | become a bat while bloodless. [Vampire growth]
   741 | D:2      | Reached XP level 3. HP: 29/29 MP: 3/3
  1004 | D:2      | Found a radiant altar of Vehumet.
  1261 | D:2      | Reached ** piety under Trog
  1610 | D:3      | Found a transporter.
  1610 | D:3      | Noticed Darkuwa's ghost (amateur MiBe)
  1624 | D:3      | Reached skill level 5 in Unarmed Combat
  1637 | D:3      | Reached XP level 4. HP: 23/35 MP: 1/4
  1705 | D:3      | Noticed an ogre
  1731 | D:3      | Found a transporter.
  1755 | D:3      | Noticed a bullfrog
  1785 | D:3      | HP: 1/52 [bullfrog (7)]
  1788 | D:3      | Mangled by a bullfrog

Illustrated notes

Levels and vault maps discovered:
D:1:      dpeg_arrival_line_fractal, layout_loops_ring
D:2:      layout_loops_corners, vehumet_crystals, bloody_trog
D:3:      layout_loops_ring, elyvilon_altar_3, nicolae_wu_jian_wuxing_cycle,
          gammafunk_ghost_smash, uniq_crazy_yiuf_cottage, uniq_natasha

Skill      XL: |  1  2  3 |
---------------+----------+-----
Unarmed Combat | 4 5 |  5.0
Fighting       | 3 |  3.5
Armour         | |  1.5
Dodging        | |  2.1

Action                   |  1- 3 |  4- 6 || total
-------------------------+-------+-------++-------
Melee: Unarmed           |    34 |    28 ||    62
       Bite              |     9 |     2 ||    11
       Short sword       |    50 |     4 ||    54
       Punch             |     1 |     1 ||     2
Invok: Berserk           |     3 |     2 ||     5
 Stab: Sleeping          |     3 |       ||     3
Armor: Animal skin       |     5 |     1 ||     6
Dodge: Dodged            |    59 |    17 ||    76

Table legend: (Time is in decaauts)
 A = Elapsed time spent in this place.
 B = Non-inter-level travel time spent in this place.
 C = Inter-level travel time spent in this place.
 D = Time resting spent in this place.
 E = Time spent auto-exploring this place.
 F = Levels seen in this place.
 G = Mean time per level.
                   A        B        C        D        E       F      G
               +--------+--------+--------+--------+--------+-----+--------+
         Total |   1826 |   1789 |     37 |    120 |   1401 |   3 |  608.7 |
       Dungeon |   1826 |   1789 |     37 |    120 |   1401 |   3 |  608.7 |
               +--------+--------+--------+--------+--------+-----+--------+

Top non-repeatable levels by time:
     D:2: 1041 daAuts
     D:1: 587 daAuts
     D:3: 197 daAuts
